 Dungeon Crawl Stone Soup version 0.19-a0-734-ge18daf0 (webtiles) character file.

135 epen the Sneak (level 4, -8/22 HPs)
             Began as a Spriggan Enchanter on June 22, 2016.
             Mangled by tstbtto's ghost (16 damage)
             ... on level 3 of the Dungeon.
             The game lasted 00:06:54 (2756 turns).

epen the Sneak (Spriggan Enchanter)                 Turns: 2756, Time: 00:06:55

Health: -8/22      AC:  4    Str:  4    XL:     4   Next: 96%
Magic:  1/10       EV: 19    Int: 16    God:
Gold:   216        SH:  0    Dex: 17    Spells: 3 memorised, 3 levels left

rFire  . . .     SeeInvis +     p - +3 dagger
rCold  . . .     Gourm    .     b - +1 robe
rNeg   . . .     Faith    .     (shield restricted)
rPois  .         Spirit   .     (helmet restricted)
rElec  .         Dismiss  .     (no cloak)
rCorr  .         Reflect  .     (gloves unavailable)
SustAt .         Harm     .     (boots unavailable)
MR     .....                    (no amulet)
Stlth  +++.......               (no ring)
                                r - +1 ring of protection

@: very quick, not resistant to hostile enchantments, fairly stealthy
A: unfitting armour, see invisible, herbivore 3, speed 3, slow metabolism 2
a: no special abilities


You were on level 3 of the Dungeon.
You were not hungry.

You visited 1 branch of the dungeon, and saw 3 of its levels.

You collected 216 gold pieces.

Inventory:

Hand Weapons
 a - a +1 dagger
 p - a +3 dagger (weapon)
 s - a -2 dagger
Missiles
 j - 27 poisoned needles
Armour
 b - a +1 robe (worn)
Jewellery
 r - a +1 ring of protection (left hand)
Scrolls
 f - a scroll of identify
 k - a scroll of amnesia {unknown}
 l - a scroll of fog {unknown}
 o - a scroll of teleportation {unknown}
 t - a scroll of blinking {unknown}
 u - a scroll of recharging {unknown}
Potions
 e - a potion of berserk rage
 h - a potion of ambrosia {unknown}
 m - a potion of agility {unknown}
 n - a potion of lignification {unknown}
Books
 c - a book of Maledictions

   Spells                             Type                      Level
   a - Corona                         Hexes                        1
   b - Ensorcelled Hibernation        Hexes/Ice                    2
   c - Confuse                        Hexes                        3
   d - Tukima's Dance                 Hexes                        3
   e - Dazzling Spray                 Conjuration/Hexes            3


   Skills:
 + Level 1.4 Fighting
 + Level 2.0 Short Blades
 + Level 4.0 Dodging
 + Level 5.2 Stealth
 + Level 3.4 Spellcasting
 * Level 4.6 Hexes


You had 3 spell levels left.
You knew the following spells:

 Your Spells              Type           Power        Failure   Level  Hunger
a - Corona                Hex            ###....      2%          1    None
b - Ensorcelled Hibernat  Hex/Ice        ##....       12%         2    ##.....
c - Confuse               Hex            ###.....     10%         3    ###....


Dungeon Overview and Level Annotations

Branches:
Dungeon (3/15)

Altars:

Annotations:
D:3 tstbtto's ghost, amateur GrFi


Innate Abilities, Weirdness & Mutations

You are tiny and cannot use many weapons and most armour.
You have supernaturally acute eyesight. (SInv)
You are a herbivore.
You cover ground extremely quickly.
You need consume almost no food.


Message History

a trident; an orc skeleton You start resting.
Tstbtto's ghost shrieks, "Very impressive.
But it won't help.
Nothing will."
Casting: Confuse
Confirm with . or Enter, or press ? or * to list all spells.
Aiming: Confuse
Press: ? - help, Shift-Dir - straight line, f/p - tstbtto's ghost
Aim: tstbtto's ghost (almost destroyed, chance to defeat MR: 36%) Tstbtto's ghost appears confused.
You barely miss tstbtto's ghost.
Tstbtto's ghost is almost destroyed.
You hit tstbtto's ghost but do no damage.
Tstbtto's ghost is almost destroyed.
You hit tstbtto's ghost but do no damage.
Tstbtto's ghost is almost destroyed.
You hit tstbtto's ghost but do no damage.
Tstbtto's ghost is almost destroyed.
Tstbtto's ghost hits you!
Ouch! That really hurt!
You die...

#.....<.♣ #.. ## ##..>..## #.
#.. .### ##..#.# #. #.#...#
######..#.## #. #..#
...........####.# ##.##
######.#.#..)##.# ##...## #
#....##.##.###.....## ###
##.#.##..#..#.8...8.##
..#####.#...#.#.@.........###
.........##.#.#W#....⌠......#
#.######..#...#.#.........#.#
#.# ##.##.....#.8...8.##.#
#.### #.##.)...##.....##
#...#####........###...##
..........##..#### ##..#
....W.......).).## ##.##
.......).........#####..#####


You could see tstbtto's ghost (confused).

Vanquished Creatures
  Robin (D:2)
  3 gnolls (D:2)
  An adder (D:2)
  An ooze (D:1)
  A worm (D:2)
  A giant gecko (D:1)
  6 orcs (D:3)
  2 giant cockroaches
  19 goblins
  12 hobgoblins
  4 jackals (D:1)
  5 kobolds
  A ball python (D:3)
  4 bats
  2 giant newts
  4 rats
67 creatures vanquished.

Notes
Turn   | Place    | Note
--------------------------------------------------------------
     0 | D:1      | epen the Spriggan Enchanter began the quest for the Orb.
     0 | D:1      | Reached XP level 1. HP: 9/9 MP: 5/5
   232 | D:1      | Reached XP level 2. HP: 12/14 MP: 6/6
   240 | D:1      | Learned a level 2 spell: Ensorcelled Hibernation
   450 | D:1      | Reached skill level 1 in Fighting
   705 | D:1      | Reached XP level 3. HP: 8/18 MP: 0/8
   725 | D:1      | Learned a level 3 spell: Confuse
  1325 | D:2      | Noticed Robin
  1522 | D:2      | Killed Robin
  1522 | D:2      | Reached XP level 4. HP: 8/22 MP: 1/9
  1929 | D:2      | Reached skill level 5 in Stealth
  2101 | D:3      | Noticed tstbtto's ghost (amateur GrFi)
  2756 | D:3      | Mangled by tstbtto's ghost

Vault maps used:
D:1:      roderic_chinese_lattice_arrival
D:2:      grunt_decor_mini_mirrors, uniq_robin
D:3:      serial_forest, infiniplex_forest_straight_1,
          infiniplex_forest_lined_corner, infiniplex_forest_clump_tiny,
          infiniplex_forest_join, infiniplex_forest_corner_2,
          wad_floor_pattern_untrapped

Skill      XL: |  1  2  3  4 |
---------------+-------------+-----
Fighting       | 1 |  1.4
Hexes          | 4 |  4.6
Spellcasting   | 3 |  3.4
Stealth        | 5 |  5.2
Short Blades   | 2 |  2.0
Dodging        | 4 |  4.0

Action                   |  1- 3 |  4- 6 || total
-------------------------+-------+-------++-------
Melee: Dagger            |   143 |    77 ||   220
 Cast: Corona            |     1 |       ||     1
       Ensorcelled Hiber |    25 |    17 ||    42
       Confuse           |     1 |     7 ||     8
  Use: Scroll            |       |     4 ||     4
       Potion            |       |     1 ||     1
 Stab: Sleeping          |    21 |    19 ||    40
       Confused          |     1 |     1 ||     2
  Eat: Bread ration      |       |     1 ||     1
Armor: Robe              |    20 |     1 ||    21
Dodge: Dodged            |   137 |    52 ||   189
